 Dungeon Crawl Stone Soup version 0.27-a0-1565-gad902ab807 (webtiles) character file.

Game seed: 8238009956981547162

26634 Swapper the Severer (level 13, -8/175 HPs)
             Began as a Minotaur Berserker on July 16, 2021.
             Was a High Priest of Trog.
             Killed from afar by an oklob plant (13 damage)
             ... with a splash of acid
             ... on level 4 of the Lair of Beasts.
             The game lasted 01:03:20 (16636 turns).

Swapper the Severer (Minotaur Berserker)           Turns: 16636, Time: 01:03:21

Health: -8/175     AC:  4    Str: 26    XL:     13   Next: 0%
Magic:  0/19       EV: 13    Int:  6    God:    Trog [*****.]
Gold:   847        SH:  0    Dex: 13    Spells: 12/12 levels left

rFire    . . .     SeeInvis .   a - +2 war axe (elec)
rCold    . . .     Faith    .   (no shield)
rNeg     . . .     Spirit   +   u - +0 chain mail of the Worm {rElec MP+9}
rPois    +         Reflect  .   (helmet restricted)
rElec    +         Harm     .   S - +0 cloak of Asil {rElec rPois}
rCorr    .         Rampage  .   t - +0 pair of gloves
Will     ++...                  B - +0 pair of boots
Stlth    ..........             r - amulet of guardian spirit
HPRegen  1.39/turn              R - +4 ring of protection
MPRegen  0.16/turn              (no ring)

@: berserking, strong-willed, corroded, regenerating, slow
A: horns 2, retaliatory headbutt, agile 1, clever 1, low mp 1, wild magic 1
a: Renounce Religion, Berserk, Trog's Hand, Brothers in Arms


You were on level 4 of the Lair of Beasts.
You worshipped Trog.
Trog was extremely pleased with you.
You visited 2 branches of the dungeon, and saw 14 of its levels.
You also visited: Sewer and Ossuary.

You collected 847 gold pieces.

Inventory:

Hand Weapons
 a - a +2 war axe of electrocution (weapon)
 b - a +2 spear of venom
Missiles
 m - 63 poisoned darts (quivered)
 z - 3 throwing nets
 F - 2 atropa-tipped darts
Armour
 t - a +0 pair of gloves (worn)
 u - the +0 chain mail of the Worm (worn) {rElec MP+9}
   (You found it on level 4 of the Dungeon)

   rElec:     It insulates you from electricity.
   MP:        It affects your magic capacity (+9).
 B - a +0 pair of boots (worn)
 S - the +0 cloak of Asil (worn) {rElec rPois}
   (You found it on level 3 of the Lair of Beasts)

   rElec:     It insulates you from electricity.
   rPois:     It protects you from poison.
Jewellery
 g - a ring of fire
 r - an amulet of guardian spirit (around neck)
 E - a ring of fire
 R - a +4 ring of protection (left hand)
Wands
 J - a wand of mindburst (14)
 L - a wand of iceblast (10)
 O - a wand of acid (10)
 Q - a wand of polymorph (10)
Scrolls
 d - a scroll of enchant armour {unknown}
 e - 2 scrolls of summoning
 f - 4 scrolls of noise {unknown}
 h - 13 scrolls of teleportation
 j - 15 scrolls of identify
 x - a scroll of magic mapping
 y - a scroll of immolation {unknown}
 A - a scroll of fear
 D - a scroll of amnesia {unknown}
 H - a scroll of fog {unknown}
 I - a scroll of torment {unknown}
 K - a scroll of enchant weapon {unknown}
 P - a scroll of holy word {unknown}
Potions
 c - 3 potions of berserk rage
 i - 9 potions of flight
 k - a potion of degeneration
 l - 5 potions of heal wounds
 n - 4 potions of lignification
 o - a potion of might {unknown}
 p - 2 potions of brilliance
 q - a potion of resistance
 s - 2 potions of cancellation
 v - 5 potions of curing
 w - 3 potions of mutation
 C - 2 potions of attraction {unknown}
 G - a potion of experience {unknown}
 M - 3 potions of ambrosia {unknown}
 N - a potion of haste


   Skills:
 + Level 11.9 Fighting
 * Level 15.7 Axes
 + Level 11.7 Armour
 + Level 10.7 Dodging
 - Level 5.0 Evocations


You had 12 spell levels left.
You didn't know any spells.
Your spell library was empty.

Dungeon Overview and Level Annotations

Branches:
Dungeon (10/15)            Temple (0/1) D:4            Lair (4/6) D:10
 Shoals (0/4) Lair:2        Snake (0/4) Lair:4          Orc (0/2) D:10
  Sewer (visited)         Ossuary (visited)

Altars:
Ashenzari
Elyvilon
Kikubaaqudgha
Makhleb
Nemelex Xobeh
Okawaru
Ru
Trog
Xom
The Shining One

Shops:
D:3 *   D:5 (

Annotations:
D:3 1 exclusion
Lair:4 exclusion: 3 oklob plants


Innate Abilities, Weirdness & Mutations

You have a pair of horns on your head.
You reflexively headbutt those who attack you in melee.
You are agile. (Dex +2)
Your mind is acute. (Int +2)
Your magical capacity is low. (-10% MP)
Your spells are a little harder to cast, but a little more powerful.


Message History

The acid corrodes you!
You are splashed with acid!
Marking area around an oklob plant as unsafe for travelling.
You enter the shallow water.
Moving in this stuff is going to be slow.
Found a pair of runed boots.
The oklob plant spits acid at you. The splash of acid hits you!
The acid corrodes you!
You are splashed with acid!
The oklob plant spits acid at you. The splash of acid misses you.
The oklob plant spits acid at you.
The splash of acid hits you but does no damage.
You are splashed with acid!
The oklob plant spits acid at you.
The splash of acid hits you but does no damage.
You are splashed with acid!
The oklob plant spits acid at you.
The splash of acid hits you but does no damage.
The acid corrodes you!
You are splashed with acid!
Found 14 gold pieces.
The oklob plant spits acid at you. The splash of acid hits you!
* * * LOW HITPOINT WARNING * * *
The acid corrodes you!
You are splashed with acid!
* * * LOW HITPOINT WARNING * * *
The oklob plant spits acid at you. The splash of acid hits you.
* * * LOW HITPOINT WARNING * * *
The acid corrodes you!
You are splashed with acid!
* * * LOW HITPOINT WARNING * * *
A red film seems to cover your vision as you go berserk!
You feel yourself moving faster!
You feel mighty!
You hit the oklob plant but do no damage.
Lightning courses through the oklob plant!
You headbutt the oklob plant.
The oklob plant is heavily damaged.
You hit the bush but do no damage. You hit the bush. You slash the oklob plant!
Lightning courses through the oklob plant!
The oklob plant spits acid at you. The splash of acid hits you!
You die...

###.... .$#...#
#####.....##.#.....
...................
..##..........[..
.........≈≈≈≈≈... ...
##.....≈≈PPP≈≈.. ...#
#.....≈≈PP≈≈P≈≈$
....#####....!≈≈@PP≈P≈≈.
...............≈≈PP≈≈≈..
................≈≈≈≈≈...
........................
........................
........................
...#....#........##..###
###.#####....## #.#
#.....#.....#


You could see 3 oklob plants.

Vanquished Creatures
  A centaur warrior (D:10)
  The ghost of Riurgh the Covert, a journeyman OpBr of Gozag (Lair:1)
  A hydra (Lair:2)
  4 two-headed ogres
  5 death yaks (Lair:3)
  Urug (Lair:3)
  Joseph (D:7)
  A black mamba (Lair:1)
  5 cane toads
  3 komodo dragons
  A rime drake (Lair:3)
  A tengu conjurer (D:9)
  A troll (D:9)
  Grinder (D:3)
  A hornet (Lair:3)
  4 blink frogs (Lair:2)
  A snapping turtle (Lair:2)
  A shadow (D:5)
  2 wyverns
  36 yaks
  2 basilisks (Lair:1)
  A steam dragon (D:10)
  A warg (D:10)
  2 nagas (Lair:4)
  12 water moccasins
  An ice beast (D:5)
  A sky beast (D:5)
  A hornet zombie (D:6)
  3 orc warriors
  2 black bears
  7 ogres
  6 wolves (Lair:3)
  A necrophage (D:6)
  2 centaurs (D:9)
  2 phantoms
  5 kobold brigands
  6 bullfrogs
  An elf zombie (Ossuary)
  7 scorpions
  A gnoll sergeant (D:5)
  A water moccasin zombie (D:5)
  A water moccasin skeleton (D:5)
  10 wights
  An electric eel (D:7)
  2 howler monkeys
  6 centaur zombies
  A jelly (D:5)
  7 bullfrog zombies
  A gnoll shaman (D:6)
  4 hounds
  5 orc priests
  4 bullfrog skeletons
  Terence (D:2)
  5 iguanas
  7 orc wizards
  2 ogre zombies (Ossuary)
  3 hound zombies (D:5)
  7 mummies (Ossuary)
  Robin (D:3)
  7 gnolls
  3 howler monkey zombies
  11 adders
  2 river rats (Sewer)
  A shadow imp (D:6)
  2 white imps
  5 adder zombies (Ossuary)
  A worm (D:2)
  4 dart slugs
  38 orcs
  11 endoplasms
  3 giant cockroaches
  13 goblins
  12 hobgoblins
  4 jackals
  24 kobolds
  5 quokkas
  11 ball pythons
  6 bats
  4 frilled lizards
  2 gnoll zombies (Ossuary)
  5 goblin zombies (Ossuary)
  3 hobgoblin zombies (Ossuary)
  5 kobold zombies (Ossuary)
  2 quokka zombies (Ossuary)
  11 rats
  2 rat zombies (Ossuary)
402 creatures vanquished.

Vanquished Creatures (others)
  22 fungi
  10 plants
32 creatures vanquished.

Grand Total: 434 creatures vanquished

Notes
Turn   | Place    | Note
-------+----------+-------------------------------------------
     0 | D:1      | Swapper the Minotaur Berserker began the quest for the Orb.
     0 | D:1      | Reached XP level 1. HP: 19/19 MP: 0/0
   391 | D:1      | Reached XP level 2. HP: 22/27 MP: 1/1
   394 | D:1      | Reached skill level 4 in Axes
  1093 | D:2      | Noticed Terence
  1111 | D:2      | Reached XP level 3. HP: 24/33 MP: 2/2
  1114 | D:2      | Killed Terence
  1357 | D:2      | Reached ** piety under Trog
  1468 | D:2      | Reached XP level 4. HP: 40/40 MP: 3/3
  1599 | D:2      | Found a glowing golden altar of the Shining One.
  1937 | D:2      | Reached skill level 5 in Axes
  2231 | D:3      | Found Kujeu's General Store.
  2292 | D:3      | Noticed Robin
  2296 | D:3      | Killed Robin
  2592 | D:3      | Found a faded altar of an unknown god.
  2639 | D:3      | Reached XP level 5. HP: 42/47 MP: 4/4
  2928 | D:3      | Noticed Grinder
  2942 | D:3      | Killed Grinder
  2943 | D:3      | Reached skill level 5 in Fighting
  2943 | D:3      | Reached skill level 6 in Axes
  2943 | D:3      | Reached XP level 6. HP: 25/56 MP: 5/5
  3201 | D:3      | Reached *** piety under Trog
  3632 | D:3      | Found an ancient bone altar of Kikubaaqudgha.
  3856 | D:4      | Identified the +0 chain mail of the Worm {rElec MP+9}
  3883 | D:4      | Found a glowing drain.
  3927 | Sewer    | Entered a sewer
  3991 | Sewer    | Reached XP level 7. HP: 61/61 MP: 6/6
  4075 | Sewer    | Found a glowing silver altar of Zin.
  4212 | D:4      | Found a staircase to the Ecumenical Temple.
  4278 | D:4      | Found a glowing golden altar of the Shining One.
  4280 | D:4      | Found a sparkling altar of Nemelex Xobeh.
  4282 | D:4      | Found a burning altar of Makhleb.
  4282 | D:4      | Noticed a two-headed ogre
  4289 | D:4      | Found a white marble altar of Elyvilon.
  4477 | D:4      | Reached skill level 7 in Axes
  4567 | D:4      | Reached skill level 5 in Armour
  4904 | D:4      | Killed a two-headed ogre
  4905 | D:4      | Reached skill level 8 in Axes
  4905 | D:4      | Reached skill level 5 in Dodging
  4905 | D:4      | Reached XP level 8. HP: 71/71 MP: 7/7
  5139 | D:5      | Entered Level 5 of the Dungeon
  5165 | D:5      | Found a broken altar of Ashenzari.
  5216 | D:5      | Reached skill level 9 in Axes
  5304 | D:5      | Reached **** piety under Trog
  5461 | D:5      | Reached XP level 9. HP: 74/79 MP: 8/8
  5533 | D:5      | Reached skill level 10 in Axes
  5835 | D:5      | Found Cymamus's Weapon Emporium.
  6712 | D:6      | Found an iron altar of Okawaru.
  6740 | D:6      | Reached skill level 11 in Axes
  6969 | D:6      | Reached XP level 10. HP: 90/90 MP: 9/9
  7163 | D:6      | Reached ***** piety under Trog
  7503 | D:7      | Found a sand-covered staircase.
  7512 | Ossuary  | Entered an ossuary
  9215 | D:7      | Noticed Joseph
  9232 | D:7      | Killed Joseph
  9233 | D:7      | Reached skill level 12 in Axes
  9635 | D:8      | Received a gift from Trog
  9787 | D:8      | Reached skill level 1 in Evocations
 10188 | D:8      | Noticed a two-headed ogre
 10400 | D:8      | Found a sacrificial altar of Ru.
 10744 | D:9      | Reached skill level 5 in Evocations
 10922 | D:9      | Found a bloodstained altar of Trog.
 11003 | D:9      | Noticed a two-headed ogre
 11010 | D:9      | Killed a two-headed ogre
 11011 | D:9      | Reached XP level 11. HP: 97/97 MP: 10/10
 11245 | D:10     | Entered Level 10 of the Dungeon
 11296 | D:10     | Noticed a centaur warrior
 11297 | D:10     | Found a staircase to the Orcish Mines.
 11305 | D:10     | Killed a centaur warrior
 11423 | D:10     | Noticed a two-headed ogre
 11437 | D:10     | Killed a two-headed ogre
 11591 | D:10     | Found a staircase to the Lair.
 11847 | D:10     | Noticed a two-headed ogre
 11856 | D:10     | Killed a two-headed ogre
 11857 | D:10     | Reached skill level 10 in Fighting
 11857 | D:10     | Reached skill level 13 in Axes
 11949 | D:10     | Found a shimmering altar of Xom.
 12305 | Lair:1   | Entered Level 1 of the Lair of Beasts
 12307 | Lair:1   | Found a runed translucent gate.
 12307 | Lair:1   | Found a runed translucent gate.
 12308 | Lair:1   | Found a runed translucent gate.
 12332 | Lair:1   | Received a gift from Trog
 12665 | Lair:1   | Noticed Riurgh's ghost (journeyman OpBr)
 12691 | Lair:1   | Killed Riurgh's ghost
 12692 | Lair:1   | Reached skill level 10 in Armour
 13580 | Lair:1   | Gained mutation: Your spells are a little harder to cast,
                  | but a little more powerful. [potion of mutation]
 13580 | Lair:1   | Gained mutation: Your magical capacity is low. (-10% MP)
                  | [potion of mutation]
 13580 | Lair:1   | Gained mutation: Your mind is acute. (Int +2) [potion of
                  | mutation]
 13580 | Lair:1   | Gained mutation: You are agile. (Dex +2) [potion of
                  | mutation]
 13702 | Lair:2   | Reached skill level 14 in Axes
 13713 | Lair:2   | Reached XP level 12. HP: 94/108 MP: 9/9
 13985 | Lair:2   | Noticed a five-headed hydra
 14001 | Lair:2   | Killed a five-headed hydra
 14686 | Lair:2   | Found a staircase to the Shoals.
 14783 | Lair:3   | Reached skill level 10 in Dodging
 15291 | Lair:3   | Reached skill level 15 in Axes
 15512 | Lair:3   | Noticed a death yak
 15513 | Lair:3   | Noticed a death yak
 15520 | Lair:3   | Noticed a death yak
 15520 | Lair:3   | Noticed a death yak
 15528 | Lair:3   | Noticed a death yak
 15539 | Lair:3   | Killed a death yak
 15549 | Lair:3   | Killed a death yak
 15559 | Lair:3   | Killed a death yak
 15565 | Lair:3   | Killed a death yak
 15572 | Lair:3   | Killed a death yak
 16006 | Lair:3   | Noticed Urug
 16023 | Lair:3   | Killed Urug
 16030 | Lair:3   | Identified the +0 cloak of Asil {rElec rPois}
 16540 | Lair:4   | Found a staircase to the Snake Pit.
 16550 | Lair:4   | Reached XP level 13. HP: 108/117 MP: 10/10
 16634 | Lair:4   | HP: 2/117 [acid (12)]
 16636 | Lair:4   | Killed from afar by an oklob plant

Illustrated notes

Levels and vault maps discovered:
D:1:      dpeg_arrival_long_road, layout_rooms
D:2:      layout_loops_ring, basic_altar, minmay_randomly_rotated_circles,
          uniq_terence
D:3:      layout_basic, lemuel_tele_altar, serial_shops, shop_fountains,
          shapermc_ecumenical_altar_starsandcircs, kennysheep_small_spiral,
          chequers_serial_rivers_marsh, st_stairs_14, minmay_misc_feat_chi,
          minmay_surrounded, uniq_robin, uniq_grinder
D:4:      layout_rooms, grunt_temple_overflow_open,
          nicolae_overflow_hidden_temple, minmay_temple_entry_stoned_glass,
          gup_sewer_entry_glass, st_stairs_14
D:5:      layout_loops_ring, mainiacjoe_overflow_surrounded_room, serial_undead,
          serial_undead_c, serial_undead_a, serial_undead_a, serial_undead_c,
          serial_shops, shop_coins, minmay_manual_mess
D:6:      minmay_clustersquares, layout_cave_pools, lemuel_crystal_altar,
          minmay_circle_x
D:7:      cheibrodos_helix_gallery, layout_loops_corners,
          nicolae_ossuary_entry_monument, minmay_crystal_room, uniq_joseph
D:8:      layout_rooms, hangedman_ru_absence
D:9:      layout_rooms, trog_book, minmay_microvault
D:10:     layout_cave_pods, mainiacjoe_overflow_chevrons, lair_entry_dummy,
          erik_orc_4
Lair:1:   layout_chaotic_city, ebering_ghost_rock_garden
Lair:2:   layout_misc_corridors, minmay_shoals_entry_hut, grunt_megastairs_1,
          lemuel_fruit_tree
Lair:3:   layout_chaotic_city, chequers_serial_rivers_large_a,
          grunt_megastairs_4, serial_bayou_shore_b, uniq_urug
Lair:4:   layout_regular_city, guppyfry_snake_entry_island,
          minmay_lair_oklob_items, dpeg_oklob_1

Skill      XL: |  1  2  3  4  5  6  7  8  9 10 11 12 |
---------------+-------------------------------------+-----
Axes           | 4 5 6 8 9 11 12 14 15 | 15.7
Fighting       | 4 5 6 7 8 9 10 11 | 11.9
Armour         | 3 4 6 8 9 10 11 | 11.7
Dodging        | 3 4 5 6 7 8 9 10 | 10.7
Evocations     | 5 |  5.0

Action                   |  1- 3 |  4- 6 |  7- 9 | 10-12 | 13-15 || total
-------------------------+-------+-------+-------+-------+-------++-------
Melee: Hand axe          |    55 |   132 |   271 |   283 |       ||   741
       Headbutt          |    11 |    20 |    62 |   139 |     1 ||   233
       War axe           |       |       |       |   307 |     1 ||   308
       Spear             |       |       |       |     4 |       ||     4
Throw: Stone             |     4 |       |       |       |       ||     4
       Dart              |       |       |     8 |       |       ||     8
Invok: Berserk           |     1 |     5 |     8 |    19 |     1 ||    34
       Trog's Hand       |       |       |     1 |     2 |     1 ||     4
  Use: Scroll            |       |     1 |       |     3 |       ||     4
       Potion            |       |       |       |     7 |       ||     7
Armor: Animal skin       |     7 |       |       |       |       ||     7
       Scale mail        |     3 |    30 |       |       |       ||    33
       Chain mail        |       |     8 |   103 |   212 |     4 ||   327
Dodge: Dodged            |    38 |    74 |    95 |   232 |     1 ||   440

Table legend: (Time is in decaauts)
 A = Elapsed time spent in this place.
 B = Non-inter-level travel time spent in this place.
 C = Inter-level travel time spent in this place.
 D = Time resting spent in this place.
 E = Time spent auto-exploring this place.
 F = Levels seen in this place.
 G = Mean time per level.
                   A        B        C        D        E       F      G
               +--------+--------+--------+--------+--------+-----+--------+
         Total |  16809 |  16222 |    587 |   4228 |   8068 |  16 | 1050.6 |
       Dungeon |  12052 |  11578 |    474 |   3312 |   5642 |  10 | 1205.2 |
          Lair |   4062 |   3949 |    113 |    910 |   2282 |   4 | 1015.5 |
         Sewer |    300 |    300 |      0 |      0 |    142 |   1 |  300.0 |
       Ossuary |    394 |    394 |      0 |      6 |      0 |   1 |  394.0 |
               +--------+--------+--------+--------+--------+-----+--------+

Top non-repeatable levels by time:
     D:3: 1747 daAuts
     D:7: 1714 daAuts
  Lair:3: 1687 daAuts
    D:10: 1374 daAuts
     D:6: 1348 daAuts
     D:4: 1108 daAuts
  Lair:2: 1101 daAuts
     D:1: 1097 daAuts
  Lair:1: 1086 daAuts
     D:2: 1047 daAuts
     D:8: 997 daAuts
     D:5: 968 daAuts
     D:9: 647 daAuts
 Ossuary: 394 daAuts
   Sewer: 300 daAuts
